Monsters vs Devils
Created - March 13, 2022 at 19:14
Goals
|
| Monsters |
2 |
0 |
2 |
4 |
| Devils |
0 |
1 |
1 |
2 |
|
Shots
|
| Monsters |
12 |
8 |
13 |
33 |
| Devils |
7 |
10 |
15 |
32 |
|
1st period
1. Monsters , Francis Perron 2 (Morgan Rielly 20, Aaron Ness 30) at 7:28 (PP)
2. Monsters , Patrik Laine 4 (Aaron Ness 31, Morgan Rielly 21) at 11:59
Penalties :
Tarmo Reunanen (Cle) for Holding (Minor) at 5:16, Darren Dietz (Bin) for High sticking (Double Minor) at 6:09, Sven Baertschi (Bin) for Holding (Minor) at 16:31, Sam Bennett (Bin) for Tripping (Minor) at 19:03
2nd period
3. Devils , Valeri Nichushkin 13 (Alan Quine 18) at 18:25
Penalties :
Sam Bennett (Bin) for Slashing (Minor) at 4:26, Valeri Nichushkin (Bin) for Roughing (Minor) at 19:20
3rd period
4. Devils , Logan Shaw 33 (Sven Baertschi 19, Ben Hutton 21) at 0:20 (SH)
5. Monsters , Austin Watson 9 (Christian Hanson 36) at 8:44
6. Monsters , Dillon Heatherington 4 (Ondrej Kase 28, Christian Hanson 37) at 12:03 (PP)
Penalties :
Darren Dietz (Bin) for Tripping (Minor) at 11:58
Goalie Stats
Eric Comrie (Cle), 30 saves from 32 shots - (0.938), W, 9-6-2, 60:00 minutes
Calvin Pickard (Bin), 29 saves from 33 shots - (0.879), L, 11-18-2, 60:00 minutes
Players Stats for Monsters
Player Name G A P +/- PIM S H SB GA TA FO MP PP MP PK MP
------------------------------------------------------------------------------------
Aaron Ness 0 2 2 1 0 2 1 0 1 0 0/0 27:38 6:27 0:44
Austin Watson 1 0 1 -1 0 2 0 0 0 0 1/2 21:00 5:59 0:00
Bobby Farnham 0 0 0 0 0 0 1 0 1 0 0/0 10:54 0:00 0:15
Cameron Hughes 0 0 0 0 0 0 0 0 0 0 0/0 0:19 0:00 0:00
Christian Hanson 0 2 2 -1 0 4 0 0 1 1 21/31 22:18 5:59 0:38
Dillon Heatherington 1 0 1 -1 0 1 1 0 0 0 0/0 19:51 3:46 0:09
Francis Perron 1 0 1 0 0 1 1 0 0 0 0/0 0:55 0:13 0:00
Jared Knight 0 0 0 0 0 2 2 2 0 0 7/11 17:45 4:01 0:00
Joakim Nordstrom 0 0 0 0 0 0 0 0 0 1 1/1 17:45 4:01 0:00
Marc Michaelis 0 0 0 0 0 2 3 0 0 0 0/0 9:54 0:00 0:00
Matt Grzelcyk 0 0 0 -1 0 1 1 0 0 1 0/0 19:51 3:46 0:09
Maxim Mamin 0 0 0 1 0 1 1 0 0 0 1/4 8:29 0:00 0:00
Mitch Marner 0 0 0 0 0 1 0 1 0 0 1/1 18:24 4:01 0:15
Morgan Rielly 0 2 2 1 0 4 0 3 0 1 0/0 27:39 6:27 0:44
Nathan Noel 0 0 0 0 0 0 0 0 0 0 1/1 0:55 0:13 0:00
Ondrej Kase 0 1 1 -1 0 7 4 0 1 1 1/2 22:18 5:59 0:38
Patrik Laine 1 0 1 1 0 3 1 0 0 0 0/0 8:29 0:00 0:00
Richard Nejezchleb 0 0 0 1 0 1 1 0 0 0 0/0 8:29 0:00 0:00
Ryan Fitzgerald 0 0 0 0 0 1 0 0 0 0 3/4 9:54 0:00 0:00
Tarmo Reunanen 0 0 0 0 2 0 1 3 0 0 0/0 12:42 0:13 0:00
Victor Mete 0 0 0 0 0 0 0 1 0 0 0/0 12:31 0:00 0:00
Players Stats for Devils
Player Name G A P +/- PIM S H SB GA TA FO MP PP MP PK MP
------------------------------------------------------------------------------------
Alan Quine 0 1 1 0 0 4 2 0 0 0 6/12 17:16 0:20 1:16
Ben Hutton 0 1 1 0 0 2 2 0 2 1 0/0 25:07 0:40 6:31
Brandon Carlo 0 0 0 0 0 0 0 3 0 2 0/0 25:07 0:40 6:31
Brett Howden 0 0 0 -1 0 1 0 0 0 0 2/3 7:17 0:00 0:00
Brett Seney 0 0 0 0 0 0 1 1 1 0 0/0 13:15 0:00 1:09
Christian Wolanin 0 0 0 0 0 0 1 0 0 0 0/0 11:03 0:00 0:42
Conor Garland 0 0 0 0 0 3 1 2 0 0 0/0 14:40 0:00 2:33
Cristiano Digiacinto 0 0 0 0 0 0 0 1 0 0 0/1 3:03 0:00 0:01
Dalton Thrower 0 0 0 0 0 1 1 0 0 0 0/0 19:42 0:13 3:38
Darren Dietz 0 0 0 0 6 2 1 0 0 0 0/0 18:30 0:12 2:57
Jake Bean 0 0 0 0 0 0 0 0 0 0 0/0 5:01 0:00 0:04
Joonas Donskoi 0 0 0 0 0 2 2 0 2 0 0/0 19:20 0:20 3:11
Logan Shaw 1 0 1 0 0 6 0 1 0 0 4/19 24:48 0:33 5:51
Mason Marchment 0 0 0 -1 0 2 0 0 0 0 0/0 7:17 0:00 0:00
Reid Boucher 0 0 0 0 0 1 2 0 0 0 3/6 12:07 0:00 0:00
Robbie Russo 0 0 0 0 0 1 1 0 0 0 0/0 10:48 0:00 0:03
Sam Bennett 0 0 0 0 4 4 1 1 0 0 5/16 15:52 0:33 1:19
Sven Baertschi 0 1 1 1 2 2 2 2 0 0 0/0 19:07 0:33 5:06
Valeri Nichushkin 1 0 1 0 2 1 0 0 0 1 0/0 14:29 0:20 0:00
Vincent Desharnais 0 0 0 0 0 0 0 0 0 0 0/0 4:46 0:00 0:00
3 Stars
1 - Morgan Rielly (Cle)
2 - Aaron Ness (Cle)
3 - Patrik Laine (Cle)
Power Play
Monsters - 2 on 7 Attempt(s) - 28.57%
Devils - 0 on 1 Attempt(s) - 0.00%
Penalty Kill
Monsters - 1 on 1 Attempt(s) - 100.00%
- Score 0 goal in Penalty Kill
Devils - 5 on 7 Attempt(s) - 71.43%
- Score 1 goal in Penalty Kill
Team Stat
Monsters - Hits : 18 - Faceoff Wins : 37 - Blocked Shots : 10 - Penalty Minutes : 2
Devils - Hits : 17 - Faceoff Wins : 20 - Blocked Shots : 11 - Penalty Minutes : 14
Official
Referees : Beaudry Halkidis and Gord Dwyer
Linesman : Travis Toomey and Kory Nagy
Game Notes
No Game Note
Finance
Level 1 -- Attendance: 1676 (83.80%) -- Ticket Income $58,660
Level 2 -- Attendance: 904 (90.40%) -- Ticket Income $13,560
Total Attendance: 2580 (86.00%)
Total Ticket Income: $72,220
Other Income: $3,611
Total Income: $75,831
Monsters
5 vs 5 Forward
Center Left Wing Right Wing Time % Phy DF OF
1 Christian Hanson Austin Watson Ondrej Kase 40 1 2 2
2 Jared Knight Joakim Nordstrom Mitch Marner 30 1 2 2
3 Ryan Fitzgerald Marc Michaelis Bobby Farnham 20 1 2 2
4 Maxim Mamin Patrik Laine Richard Nejezchleb 10 1 2 2
5 vs 5 Defense
Defense Defense Time % Phy DF OF
1 Morgan Rielly Aaron Ness 40 1 2 2
2 Dillon Heatherington Matt Grzelcyk 30 1 2 2
3 Victor Mete Tarmo Reunanen 20 1 2 2
4 Morgan Rielly Aaron Ness 10 1 2 2
PowerPlay Forward
Center Left Wing Right Wing Time % Phy DF OF
1 Christian Hanson Austin Watson Ondrej Kase 60 1 2 2
2 Jared Knight Joakim Nordstrom Mitch Marner 40 1 2 2
PowerPlay Defense
Defense Defense Time % Phy DF OF
1 Morgan Rielly Aaron Ness 60 1 2 2
2 Dillon Heatherington Matt Grzelcyk 40 1 2 2
Penalty Kill 4 Players Forward
Center Wing Time % Phy DF OF
1 Ondrej Kase Christian Hanson 60 1 2 2
2 Mitch Marner Bobby Farnham 40 1 2 2
Penalty Kill 4 Players Defense
Defense Defense Time % Phy DF OF
1 Morgan Rielly Aaron Ness 60 1 2 2
2 Dillon Heatherington Matt Grzelcyk 40 1 2 2
Penalty Kill - 3 Players Forward
Forward Time % Phy DF OF
1 Ondrej Kase 60 1 2 2
2 Christian Hanson 40 1 2 2
Penalty Kill - 3 Players Defense
Defense Defense Time % Phy DF OF
1 Morgan Rielly Aaron Ness 60 1 2 2
2 Dillon Heatherington Matt Grzelcyk 40 1 2 2
4 vs 4 Forward
Center Wing Time % Phy DF OF
1 Ondrej Kase Christian Hanson 60 1 2 2
2 Mitch Marner Bobby Farnham 40 1 2 2
4 vs 4 Defense
Defense Defense Time % Phy DF OF
1 Morgan Rielly Aaron Ness 60 1 2 2
2 Dillon Heatherington Matt Grzelcyk 40 1 2 2
Last Minutes Offensive
Center Left Wing Right Wing Defense Defense
Christian Hanson Austin Watson Ondrej Kase Morgan Rielly Aaron Ness
Last Minutes Defensive
Center Left Wing Right Wing Defense Defense
Christian Hanson Austin Watson Ondrej Kase Morgan Rielly Aaron Ness
Goaltenders
Starting : Eric Comrie
Backup : Phoenix Copley
Extra Forwards
Normal : Nathan Noel, Francis Perron, Cameron Hughes - PP : Nathan Noel, Francis Perron - PK : Cameron Hughes
Extra Defensemen
Normal : Victor Mete, Tarmo Reunanen, Dillon Heatherington - PP : Victor Mete - PK : Tarmo Reunanen, Dillon Heatherington
Penalty Shots
Ondrej Kase, Christian Hanson, Mitch Marner, Bobby Farnham, Jared Knight
Scratches
Peyton Jones (Healthy)
Devils
5 vs 5 Forward
Center Left Wing Right Wing Time % Phy DF OF
1 Sam Bennett Sven Baertschi Logan Shaw 40 1 2 2
2 Alan Quine Valeri Nichushkin Joonas Donskoi 30 1 2 2
3 Reid Boucher Brett Seney Conor Garland 20 1 2 2
4 Brett Howden Mason Marchment Logan Shaw 10 1 2 2
5 vs 5 Defense
Defense Defense Time % Phy DF OF
1 Brandon Carlo Ben Hutton 40 1 2 2
2 Darren Dietz Dalton Thrower 30 1 2 2
3 Robbie Russo Christian Wolanin 20 1 2 2
4 Jake Bean Vincent Desharnais 10 1 2 2
PowerPlay Forward
Center Left Wing Right Wing Time % Phy DF OF
1 Sam Bennett Sven Baertschi Logan Shaw 60 1 2 2
2 Alan Quine Valeri Nichushkin Joonas Donskoi 40 1 2 2
PowerPlay Defense
Defense Defense Time % Phy DF OF
1 Brandon Carlo Ben Hutton 60 1 2 2
2 Darren Dietz Dalton Thrower 40 1 2 2
Penalty Kill 4 Players Forward
Center Wing Time % Phy DF OF
1 Logan Shaw Sven Baertschi 60 1 2 2
2 Sam Bennett Joonas Donskoi 40 1 2 2
Penalty Kill 4 Players Defense
Defense Defense Time % Phy DF OF
1 Brandon Carlo Ben Hutton 60 1 2 2
2 Darren Dietz Dalton Thrower 40 1 2 2
Penalty Kill - 3 Players Forward
Forward Time % Phy DF OF
1 Logan Shaw 60 1 2 2
2 Sven Baertschi 40 1 2 2
Penalty Kill - 3 Players Defense
Defense Defense Time % Phy DF OF
1 Brandon Carlo Ben Hutton 60 1 2 2
2 Darren Dietz Dalton Thrower 40 1 2 2
4 vs 4 Forward
Center Wing Time % Phy DF OF
1 Logan Shaw Sven Baertschi 60 1 2 2
2 Sam Bennett Joonas Donskoi 40 1 2 2
4 vs 4 Defense
Defense Defense Time % Phy DF OF
1 Brandon Carlo Ben Hutton 60 1 2 2
2 Darren Dietz Dalton Thrower 40 1 2 2
Last Minutes Offensive
Center Left Wing Right Wing Defense Defense
Sam Bennett Sven Baertschi Logan Shaw Brandon Carlo Ben Hutton
Last Minutes Defensive
Center Left Wing Right Wing Defense Defense
Sam Bennett Sven Baertschi Logan Shaw Brandon Carlo Ben Hutton
Goaltenders
Starting : Calvin Pickard
Backup : Juuse Saros
Extra Forwards
Normal : Cristiano Digiacinto, Reid Boucher, Conor Garland - PP : Cristiano Digiacinto, Reid Boucher - PK : Conor Garland
Extra Defensemen
Normal : Robbie Russo, Christian Wolanin, Jake Bean - PP : Robbie Russo - PK : Christian Wolanin, Jake Bean
Penalty Shots
Logan Shaw, Sven Baertschi, Sam Bennett, Joonas Donskoi, Valeri Nichushkin
Scratches
Ilya Lyubushkin (Right Hand Injury), Jonny Brodzinski (Abdomen/Ribs Injury)
% Time on Ice - Monsters
Lines # - Real PCT - Wanted PCT - Time Play
Normal Forward
1 - 33% - 40% - 15:41
2 - 29% - 30% - 13:44
3 - 21% - 20% - 9:54
4 - 18% - 10% - 8:29
Normal Defense
1 - 40% - 40% - 19:00
2 - 32% - 30% - 15:30
3 - 23% - 20% - 11:01
4 - 5% - 10% - 2:17
PP Forward
1 - 61% - 60% - 6:12
2 - 39% - 40% - 4:01
PP Defense
1 - 63% - 60% - 6:27
2 - 37% - 40% - 3:46
PK Forward
1 - 72% - 60% - 0:38
2 - 28% - 40% - 0:15
PK Defense
1 - 83% - 60% - 0:44
2 - 17% - 40% - 0:09
PK3 Forward
1 - 0% - 60%
2 - 0% - 40%
PK3 Defense
1 - 0% - 60%
2 - 0% - 40%
44 Forward
1 - 64% - 60% - 0:42
2 - 36% - 40% - 0:24
44 Defense
1 - 61% - 60% - 0:40
2 - 39% - 40% - 0:26
Last Minute Offensive - 0:00
Last Minute Defensive - 0:00
Total
Forward - 60:00
Defense - 60:00
|
% Time on Ice - Devils
Lines # - Real PCT - Wanted PCT - Time Play
Normal Forward
1 - 27% - 40% - 12:54
2 - 34% - 30% - 16:22
3 - 24% - 20% - 11:15
4 - 15% - 10% - 7:17
Normal Defense
1 - 37% - 40% - 17:36
2 - 32% - 30% - 15:16
3 - 21% - 20% - 10:10
4 - 10% - 10% - 4:46
PP Forward
1 - 62% - 60% - 0:33
2 - 38% - 40% - 0:20
PP Defense
1 - 75% - 60% - 0:40
2 - 25% - 40% - 0:13
PK Forward
1 - 69% - 60% - 7:02
2 - 31% - 40% - 3:11
PK Defense
1 - 64% - 60% - 6:35
2 - 36% - 40% - 3:38
PK3 Forward
1 - 0% - 60%
2 - 0% - 40%
PK3 Defense
1 - 0% - 60%
2 - 0% - 40%
44 Forward
1 - 62% - 60% - 0:41
2 - 38% - 40% - 0:25
44 Defense
1 - 47% - 60% - 0:31
2 - 53% - 40% - 0:35
Last Minute Offensive - 0:00
Last Minute Defensive - 0:00
Total
Forward - 60:00
Defense - 60:00
|
Play-by-Play
1st period
0:01 of 1st period - Sam Bennett wins face-off versus Ondrej Kase in neutral zone.
0:42 of 1st period - Icing by Aaron Ness.
0:43 of 1st period - Reid Boucher wins face-off versus Ryan Fitzgerald in Monsters zone.
1:17 of 1st period - Snap shot by Logan Shaw.
1:17 of 1st period - Shot Misses the Net.
1:19 of 1st period - Slapshot by Logan Shaw.
1:19 of 1st period - Shot Misses the Net.
1:21 of 1st period - Wrist shot by Logan Shaw.
1:21 of 1st period - Shot Blocked by Tarmo Reunanen.
1:28 of 1st period - Icing by Victor Mete.
1:29 of 1st period - Alan Quine wins face-off versus Maxim Mamin in Monsters zone.
1:50 of 1st period - Slapshot by Maxim Mamin.
1:50 of 1st period - Stopped by Calvin Pickard without a rebound.
1:51 of 1st period - Alan Quine wins face-off versus Christian Hanson in Devils zone.
2:04 of 1st period - Snap shot by Joonas Donskoi.
2:04 of 1st period - Shot Misses the Net.
2:35 of 1st period - Wrist shot by Jared Knight.
2:35 of 1st period - Stopped by Calvin Pickard with a rebound.
2:37 of 1st period - Wrist shot by Marc Michaelis.
2:37 of 1st period - Stopped by Calvin Pickard without a rebound.
2:38 of 1st period - Ryan Fitzgerald wins face-off versus Sam Bennett in Devils zone.
2:50 of 1st period - Icing by Logan Shaw.
2:51 of 1st period - Sam Bennett wins face-off versus Christian Hanson in Devils zone.
3:07 of 1st period - Snap shot by Logan Shaw.
3:07 of 1st period - Shot Misses the Net.
3:09 of 1st period - Snap shot by Sam Bennett.
3:09 of 1st period - Stopped by Eric Comrie without a rebound.
3:10 of 1st period - Jared Knight wins face-off versus Alan Quine in Monsters zone.
4:15 of 1st period - Snap shot by Valeri Nichushkin.
4:15 of 1st period - Deflect By Joonas Donskoi.
4:15 of 1st period - Stopped by Eric Comrie with a rebound.
4:25 of 1st period - Wrist shot by Alan Quine.
4:25 of 1st period - Stopped by Eric Comrie without a rebound.
4:26 of 1st period - Christian Hanson wins face-off versus Logan Shaw in Monsters zone.
5:03 of 1st period - Slapshot by Aaron Ness.
5:03 of 1st period - Stopped by Calvin Pickard without a rebound.
5:04 of 1st period - Joakim Nordstrom wins face-off versus Sam Bennett in Devils zone.
5:07 of 1st period - Snap shot by Jared Knight.
5:07 of 1st period - Shot Blocked by Sam Bennett.
5:13 of 1st period - Wrist shot by Sam Bennett.
5:13 of 1st period - Deflect By Sven Baertschi.
5:13 of 1st period - Shot Blocked by Victor Mete.
5:13 of 1st period - Puck is out of play.
5:14 of 1st period - Jared Knight wins face-off versus Sam Bennett in Monsters zone.
5:16 of 1st period - Minor Penalty to Tarmo Reunanen for Holding.
5:17 of 1st period - Sam Bennett wins face-off versus Christian Hanson in Monsters zone.
6:09 of 1st period - Double Minor Penalty to Darren Dietz for High sticking.
6:10 of 1st period - Ondrej Kase wins face-off versus Logan Shaw in Devils zone.
7:00 of 1st period - Joonas Donskoi is hit by Matt Grzelcyk and loses puck.
7:16 of 1st period - Penalty to Tarmo Reunanen is over, Tarmo Reunanen is back on ice.
7:17 of 1st period - Dalton Thrower is hit by Francis Perron and loses puck.
7:28 of 1st period - Slapshot by Morgan Rielly.
7:28 of 1st period - Deflect By Francis Perron.
7:28 of 1st period - Goal by Francis Perron - Monsters : 1 - Devils : 0.
7:29 of 1st period - Christian Hanson wins face-off versus Logan Shaw in neutral zone.
7:34 of 1st period - Slapshot by Aaron Ness.
7:34 of 1st period - Shot Misses the Net.
7:40 of 1st period - Wrist shot by Christian Hanson.
7:40 of 1st period - Stopped by Calvin Pickard without a rebound.
7:41 of 1st period - Christian Hanson wins face-off versus Logan Shaw in Devils zone.
7:42 of 1st period - Slapshot by Ondrej Kase.
7:42 of 1st period - Shot Misses the Net.
7:44 of 1st period - Snap shot by Christian Hanson.
7:44 of 1st period - Shot Misses the Net.
7:46 of 1st period - Snap shot by Ondrej Kase.
7:46 of 1st period - Stopped by Calvin Pickard without a rebound.
7:47 of 1st period - Christian Hanson wins face-off versus Logan Shaw in Devils zone.
9:28 of 1st period - Penalty to Darren Dietz is over, Darren Dietz is back on ice.
9:45 of 1st period - Wrist shot by Alan Quine.
9:45 of 1st period - Stopped by Eric Comrie with a rebound.
9:55 of 1st period - Vincent Desharnais is hit by Patrik Laine and loses puck.
10:10 of 1st period - Icing by Aaron Ness.
10:11 of 1st period - Brett Howden wins face-off versus Maxim Mamin in Monsters zone.
10:26 of 1st period - Slapshot by Maxim Mamin.
10:26 of 1st period - Shot Misses the Net.
10:49 of 1st period - Slapshot by Morgan Rielly.
10:49 of 1st period - Stopped by Calvin Pickard with a rebound.
10:55 of 1st period - Snap shot by Mason Marchment.
10:55 of 1st period - Shot Misses the Net.
10:57 of 1st period - Wrist shot by Logan Shaw.
10:57 of 1st period - Shot Blocked by Morgan Rielly.
11:23 of 1st period - Backhand shot by Logan Shaw.
11:23 of 1st period - Stopped by Eric Comrie with a rebound.
11:25 of 1st period - Snap shot by Mason Marchment.
11:25 of 1st period - Stopped by Eric Comrie with a rebound.
11:39 of 1st period - Slapshot by Morgan Rielly.
11:39 of 1st period - Shot Blocked by Logan Shaw.
11:59 of 1st period - Wrist shot by Patrik Laine.
11:59 of 1st period - Goal by Patrik Laine - Monsters : 2 - Devils : 0.
12:00 of 1st period - Alan Quine wins face-off versus Christian Hanson in neutral zone.
12:52 of 1st period - Icing by Marc Michaelis.
12:53 of 1st period - Christian Hanson wins face-off versus Reid Boucher in Monsters zone.
13:37 of 1st period - Joonas Donskoi is hit by Marc Michaelis and loses puck.
13:52 of 1st period - Wrist shot by Joonas Donskoi.
13:52 of 1st period - Stopped by Eric Comrie with a rebound.
14:11 of 1st period - Robbie Russo is hit by Ondrej Kase and loses puck.
15:08 of 1st period - Ben Hutton is hit by Maxim Mamin and loses puck.
15:13 of 1st period - Slapshot by Matt Grzelcyk.
15:13 of 1st period - Shot Blocked by Brandon Carlo.
15:15 of 1st period - Snap shot by Richard Nejezchleb.
15:15 of 1st period - Shot Misses the Net.
16:14 of 1st period - Slapshot by Morgan Rielly.
16:14 of 1st period - Shot Blocked by Brett Seney.
16:16 of 1st period - Slapshot by Morgan Rielly.
16:16 of 1st period - Deflect By Darren Dietz.
16:16 of 1st period - Stopped by Calvin Pickard with a rebound.
16:18 of 1st period - Wrist shot by Richard Nejezchleb.
16:18 of 1st period - Stopped by Calvin Pickard without a rebound.
16:19 of 1st period - Reid Boucher wins face-off versus Maxim Mamin in Devils zone.
16:31 of 1st period - Minor Penalty to Sven Baertschi for Holding.
16:32 of 1st period - Logan Shaw wins face-off versus Christian Hanson in Devils zone.
16:47 of 1st period - Snap shot by Ondrej Kase.
16:47 of 1st period - Stopped by Calvin Pickard with a rebound.
18:31 of 1st period - Penalty to Sven Baertschi is over, Sven Baertschi is back on ice.
18:41 of 1st period - Off-side.
18:42 of 1st period - Maxim Mamin wins face-off versus Sam Bennett in neutral zone.
19:03 of 1st period - Minor Penalty to Sam Bennett for Tripping.
19:04 of 1st period - Christian Hanson wins face-off versus Logan Shaw in Devils zone.
Goals for this period are 2 for Monsters vs 0 for Devils.
Shots for this period are 12 for Monsters vs 7 for Devils.
2nd period
0:01 of 2nd period - Christian Hanson wins face-off versus Logan Shaw in neutral zone.
0:26 of 2nd period - Joakim Nordstrom is hit by Joonas Donskoi and loses puck.
1:03 of 2nd period - Penalty to Sam Bennett is over, Sam Bennett is back on ice.
1:09 of 2nd period - Snap shot by Sam Bennett.
1:09 of 2nd period - Stopped by Eric Comrie with a rebound.
2:01 of 2nd period - Slapshot by Alan Quine.
2:01 of 2nd period - Stopped by Eric Comrie without a rebound.
2:02 of 2nd period - Reid Boucher wins face-off versus Jared Knight in Monsters zone.
2:09 of 2nd period - Slapshot by Ben Hutton.
2:09 of 2nd period - Shot Misses the Net.
2:11 of 2nd period - Slapshot by Ben Hutton.
2:11 of 2nd period - Deflect By Reid Boucher.
2:11 of 2nd period - Shot Blocked by Morgan Rielly.
2:11 of 2nd period - Puck is out of play.
2:12 of 2nd period - Jared Knight wins face-off versus Reid Boucher in Monsters zone.
2:21 of 2nd period - Jared Knight is hit by Brett Seney and loses puck.
2:38 of 2nd period - Snap shot by Mitch Marner.
2:38 of 2nd period - Shot Blocked by Brandon Carlo.
2:44 of 2nd period - Joakim Nordstrom is hit by Ben Hutton and loses puck.
2:53 of 2nd period - Wrist shot by Conor Garland.
2:53 of 2nd period - Stopped by Eric Comrie without a rebound.
2:54 of 2nd period - Ryan Fitzgerald wins face-off versus Sam Bennett in Monsters zone.
3:09 of 2nd period - Snap shot by Sam Bennett.
3:09 of 2nd period - Stopped by Eric Comrie with a rebound.
3:19 of 2nd period - Darren Dietz is hit by Tarmo Reunanen and loses puck.
3:57 of 2nd period - Jared Knight is hit by Christian Wolanin and loses puck.
4:14 of 2nd period - Slapshot by Morgan Rielly.
4:14 of 2nd period - Shot Misses the Net.
4:26 of 2nd period - Minor Penalty to Sam Bennett for Slashing.
4:27 of 2nd period - Christian Hanson wins face-off versus Logan Shaw in Devils zone.
4:34 of 2nd period - Slapshot by Christian Hanson.
4:34 of 2nd period - Shot Misses the Net.
4:36 of 2nd period - Snap shot by Aaron Ness.
4:36 of 2nd period - Stopped by Calvin Pickard with a rebound.
4:38 of 2nd period - Slapshot by Aaron Ness.
4:38 of 2nd period - Shot Misses the Net.
4:42 of 2nd period - Snap shot by Christian Hanson.
4:42 of 2nd period - Stopped by Calvin Pickard without a rebound.
4:43 of 2nd period - Christian Hanson wins face-off versus Logan Shaw in Devils zone.
4:44 of 2nd period - Snap shot by Ondrej Kase.
4:44 of 2nd period - Stopped by Calvin Pickard with a rebound.
4:46 of 2nd period - Snap shot by Ondrej Kase.
4:46 of 2nd period - Shot Misses the Net.
4:48 of 2nd period - Slapshot by Ondrej Kase.
4:48 of 2nd period - Stopped by Calvin Pickard with a rebound.
5:06 of 2nd period - Morgan Rielly is hit by Ben Hutton and loses puck.
6:26 of 2nd period - Penalty to Sam Bennett is over, Sam Bennett is back on ice.
7:51 of 2nd period - Jared Knight is hit by Darren Dietz and loses puck.
10:24 of 2nd period - Logan Shaw is hit by Marc Michaelis.
11:02 of 2nd period - Snap shot by Mitch Marner.
11:02 of 2nd period - Shot Misses the Net.
11:06 of 2nd period - Wrist shot by Joakim Nordstrom.
11:06 of 2nd period - Shot Misses the Net.
11:18 of 2nd period - Slapshot by Matt Grzelcyk.
11:18 of 2nd period - Shot Blocked by Conor Garland.
11:48 of 2nd period - Wrist shot by Maxim Mamin.
11:48 of 2nd period - Shot Misses the Net.
11:56 of 2nd period - Snap shot by Patrik Laine.
11:56 of 2nd period - Stopped by Calvin Pickard with a rebound.
11:58 of 2nd period - Slapshot by Matt Grzelcyk.
11:58 of 2nd period - Deflect By Alan Quine.
11:58 of 2nd period - Stopped by Calvin Pickard with a rebound.
12:16 of 2nd period - Robbie Russo is hit by Marc Michaelis and loses puck.
12:38 of 2nd period - Slapshot by Darren Dietz.
12:38 of 2nd period - Stopped by Eric Comrie with a rebound.
12:56 of 2nd period - Icing by Logan Shaw.
12:57 of 2nd period - Sam Bennett wins face-off versus Jared Knight in Devils zone.
13:02 of 2nd period - Wrist shot by Darren Dietz.
13:02 of 2nd period - Shot Blocked by Mitch Marner.
13:22 of 2nd period - Wrist shot by Valeri Nichushkin.
13:22 of 2nd period - Shot Misses the Net.
13:36 of 2nd period - Aaron Ness is hit by Reid Boucher and loses puck.
13:45 of 2nd period - Snap shot by Conor Garland.
13:45 of 2nd period - Stopped by Eric Comrie with a rebound.
13:59 of 2nd period - Wrist shot by Logan Shaw.
13:59 of 2nd period - Stopped by Eric Comrie with a rebound.
14:09 of 2nd period - Snap shot by Marc Michaelis.
14:09 of 2nd period - Deflect By Joonas Donskoi.
14:09 of 2nd period - Stopped by Calvin Pickard with a rebound.
14:23 of 2nd period - Slapshot by Ben Hutton.
14:23 of 2nd period - Shot Blocked by Tarmo Reunanen.
14:25 of 2nd period - Snap shot by Logan Shaw.
14:25 of 2nd period - Stopped by Eric Comrie without a rebound.
14:26 of 2nd period - Jared Knight wins face-off versus Brett Howden in Monsters zone.
14:53 of 2nd period - Brandon Carlo is hit by Bobby Farnham and loses puck.
16:13 of 2nd period - Reid Boucher is hit by Ondrej Kase and loses puck.
16:51 of 2nd period - Slapshot by Bobby Farnham.
16:51 of 2nd period - Deflect By Ryan Fitzgerald.
16:51 of 2nd period - Shot Misses the Net.
16:51 of 2nd period - Puck is out of play.
16:52 of 2nd period - Ryan Fitzgerald wins face-off versus Alan Quine in Devils zone.
16:57 of 2nd period - Snap shot by Ryan Fitzgerald.
16:57 of 2nd period - Stopped by Calvin Pickard with a rebound.
17:17 of 2nd period - Morgan Rielly is hit by Sven Baertschi and loses puck.
17:26 of 2nd period - Wrist shot by Christian Hanson.
17:26 of 2nd period - Shot Blocked by Brandon Carlo.
18:08 of 2nd period - Snap shot by Alan Quine.
18:08 of 2nd period - Stopped by Eric Comrie without a rebound.
18:09 of 2nd period - Christian Hanson wins face-off versus Alan Quine in Monsters zone.
18:25 of 2nd period - Wrist shot by Valeri Nichushkin.
18:25 of 2nd period - Goal by Valeri Nichushkin - Monsters : 2 - Devils : 1.
18:26 of 2nd period - Christian Hanson wins face-off versus Logan Shaw in neutral zone.
18:35 of 2nd period - Wrist shot by Ondrej Kase.
18:35 of 2nd period - Shot Misses the Net.
18:53 of 2nd period - Alan Quine is hit by Jared Knight and loses puck.
18:58 of 2nd period - Snap shot by Mitch Marner.
18:58 of 2nd period - Deflect By Joakim Nordstrom.
18:58 of 2nd period - Shot Misses the Net.
18:58 of 2nd period - Puck is out of play.
18:59 of 2nd period - Alan Quine wins face-off versus Jared Knight in Devils zone.
19:20 of 2nd period - Minor Penalty to Valeri Nichushkin for Roughing.
19:21 of 2nd period - Logan Shaw wins face-off versus Austin Watson in Devils zone.
19:26 of 2nd period - Wrist shot by Christian Hanson.
19:26 of 2nd period - Shot Blocked by Sven Baertschi.
19:28 of 2nd period - Snap shot by Austin Watson.
19:28 of 2nd period - Deflect By Christian Hanson.
19:28 of 2nd period - Deflect By Ben Hutton.
19:28 of 2nd period - Shot Misses the Net.
19:28 of 2nd period - Puck is out of play.
19:29 of 2nd period - Christian Hanson wins face-off versus Logan Shaw in Devils zone.
19:34 of 2nd period - Slapshot by Aaron Ness.
19:34 of 2nd period - Shot Blocked by Sven Baertschi.
19:40 of 2nd period - Wrist shot by Christian Hanson.
19:40 of 2nd period - Shot Misses the Net.
Goals for this period are 0 for Monsters vs 1 for Devils.
Shots for this period are 8 for Monsters vs 10 for Devils.
3rd period
0:01 of 3rd period - Christian Hanson wins face-off versus Logan Shaw in neutral zone.
0:12 of 3rd period - Wrist shot by Logan Shaw.
0:12 of 3rd period - Deflect By Morgan Rielly.
0:12 of 3rd period - Shot Misses the Net.
0:12 of 3rd period - Puck is out of play.
0:13 of 3rd period - Christian Hanson wins face-off versus Logan Shaw in Monsters zone.
0:20 of 3rd period - Wrist shot by Logan Shaw.
0:20 of 3rd period - Goal by Logan Shaw - Monsters : 2 - Devils : 2.
0:21 of 3rd period - Logan Shaw wins face-off versus Christian Hanson in neutral zone.
0:24 of 3rd period - Snap shot by Ben Hutton.
0:24 of 3rd period - Stopped by Eric Comrie with a rebound.
1:20 of 3rd period - Penalty to Valeri Nichushkin is over, Valeri Nichushkin is back on ice.
1:48 of 3rd period - Jared Knight is hit by Alan Quine and loses puck.
2:09 of 3rd period - Mason Marchment is hit by Dillon Heatherington and loses puck.
2:42 of 3rd period - Snap shot by Morgan Rielly.
2:42 of 3rd period - Stopped by Calvin Pickard without a rebound.
2:43 of 3rd period - Jared Knight wins face-off versus Sam Bennett in Devils zone.
2:50 of 3rd period - Snap shot by Mitch Marner.
2:50 of 3rd period - Stopped by Calvin Pickard without a rebound.
2:51 of 3rd period - Alan Quine wins face-off versus Christian Hanson in Devils zone.
2:56 of 3rd period - Wrist shot by Ben Hutton.
2:56 of 3rd period - Stopped by Eric Comrie without a rebound.
2:57 of 3rd period - Alan Quine wins face-off versus Christian Hanson in Monsters zone.
4:08 of 3rd period - Snap shot by Ondrej Kase.
4:08 of 3rd period - Shot Misses the Net.
4:26 of 3rd period - Slapshot by Robbie Russo.
4:26 of 3rd period - Deflect By Marc Michaelis.
4:26 of 3rd period - Stopped by Eric Comrie with a rebound.
4:28 of 3rd period - Snap shot by Brett Howden.
4:28 of 3rd period - Stopped by Eric Comrie with a rebound.
4:55 of 3rd period - Snap shot by Ondrej Kase.
4:55 of 3rd period - Stopped by Calvin Pickard with a rebound.
4:57 of 3rd period - Wrist shot by Austin Watson.
4:57 of 3rd period - Stopped by Calvin Pickard without a rebound.
4:58 of 3rd period - Christian Hanson wins face-off versus Alan Quine in Devils zone.
4:59 of 3rd period - Wrist shot by Ondrej Kase.
4:59 of 3rd period - Shot Misses the Net.
5:01 of 3rd period - Slapshot by Aaron Ness.
5:01 of 3rd period - Shot Misses the Net.
5:13 of 3rd period - Wrist shot by Ondrej Kase.
5:13 of 3rd period - Stopped by Calvin Pickard without a rebound.
5:14 of 3rd period - Jared Knight wins face-off versus Sam Bennett in Devils zone.
5:33 of 3rd period - Sven Baertschi is hit by Jared Knight and loses puck.
6:13 of 3rd period - Snap shot by Reid Boucher.
6:13 of 3rd period - Deflect By Conor Garland.
6:13 of 3rd period - Stopped by Eric Comrie without a rebound.
6:14 of 3rd period - Mitch Marner wins face-off versus Sam Bennett in Monsters zone.
6:14 of 3rd period - Mitch Marner is hit by Sam Bennett.
6:22 of 3rd period - Snap shot by Logan Shaw.
6:22 of 3rd period - Stopped by Eric Comrie without a rebound.
6:23 of 3rd period - Jared Knight wins face-off versus Logan Shaw in Monsters zone.
6:38 of 3rd period - Snap shot by Sven Baertschi.
6:38 of 3rd period - Stopped by Eric Comrie without a rebound.
6:39 of 3rd period - Christian Hanson wins face-off versus Alan Quine in Monsters zone.
7:17 of 3rd period - Joonas Donskoi is hit by Aaron Ness and loses puck.
7:34 of 3rd period - Snap shot by Jared Knight.
7:34 of 3rd period - Stopped by Calvin Pickard without a rebound.
7:35 of 3rd period - Sam Bennett wins face-off versus Christian Hanson in Devils zone.
7:48 of 3rd period - Sam Bennett is hit by Ondrej Kase and loses puck.
8:28 of 3rd period - Marc Michaelis is hit by Dalton Thrower and loses puck.
8:40 of 3rd period - Off-side.
8:41 of 3rd period - Christian Hanson wins face-off versus Alan Quine in neutral zone.
8:44 of 3rd period - Wrist shot by Austin Watson.
8:44 of 3rd period - Goal by Austin Watson - Monsters : 3 - Devils : 2.
8:45 of 3rd period - Austin Watson wins face-off versus Sam Bennett in neutral zone.
8:54 of 3rd period - Snap shot by Ondrej Kase.
8:54 of 3rd period - Stopped by Calvin Pickard with a rebound.
8:56 of 3rd period - Slapshot by Morgan Rielly.
8:56 of 3rd period - Stopped by Calvin Pickard without a rebound.
8:57 of 3rd period - Logan Shaw wins face-off versus Christian Hanson in Devils zone.
9:00 of 3rd period - Snap shot by Christian Hanson.
9:00 of 3rd period - Stopped by Calvin Pickard with a rebound.
9:03 of 3rd period - Icing by Ben Hutton.
9:04 of 3rd period - Christian Hanson wins face-off versus Sam Bennett in Devils zone.
10:42 of 3rd period - Snap shot by Darren Dietz.
10:42 of 3rd period - Shot Misses the Net.
10:44 of 3rd period - Snap shot by Logan Shaw.
10:44 of 3rd period - Deflect By Mason Marchment.
10:44 of 3rd period - Stopped by Eric Comrie without a rebound.
10:45 of 3rd period - Brett Howden wins face-off versus Jared Knight in Monsters zone.
10:48 of 3rd period - Snap shot by Logan Shaw.
10:48 of 3rd period - Stopped by Eric Comrie with a rebound.
10:50 of 3rd period - Snap shot by Robbie Russo.
10:50 of 3rd period - Shot Misses the Net.
11:08 of 3rd period - Joakim Nordstrom is hit by Reid Boucher and loses puck.
11:19 of 3rd period - Wrist shot by Conor Garland.
11:19 of 3rd period - Shot Blocked by Morgan Rielly.
11:21 of 3rd period - Slapshot by Darren Dietz.
11:21 of 3rd period - Stopped by Eric Comrie with a rebound.
11:43 of 3rd period - Ondrej Kase is hit by Alan Quine.
11:58 of 3rd period - Minor Penalty to Darren Dietz for Tripping.
11:59 of 3rd period - Christian Hanson wins face-off versus Logan Shaw in Devils zone.
12:01 of 3rd period - Snap shot by Ondrej Kase.
12:01 of 3rd period - Shot Misses the Net.
12:03 of 3rd period - Slapshot by Dillon Heatherington.
12:03 of 3rd period - Goal by Dillon Heatherington - Monsters : 4 - Devils : 2.
12:04 of 3rd period - Christian Hanson wins face-off versus Sam Bennett in neutral zone.
12:31 of 3rd period - Jared Knight is hit by Joonas Donskoi and loses puck.
13:14 of 3rd period - Slapshot by Patrik Laine.
13:14 of 3rd period - Stopped by Calvin Pickard with a rebound.
13:39 of 3rd period - Slapshot by Christian Hanson.
13:39 of 3rd period - Stopped by Calvin Pickard without a rebound.
13:40 of 3rd period - Christian Hanson wins face-off versus Reid Boucher in Devils zone.
13:41 of 3rd period - Wrist shot by Ondrej Kase.
13:41 of 3rd period - Shot Blocked by Conor Garland.
14:33 of 3rd period - Slapshot by Sven Baertschi.
14:33 of 3rd period - Stopped by Eric Comrie with a rebound.
14:35 of 3rd period - Snap shot by Sam Bennett.
14:35 of 3rd period - Stopped by Eric Comrie with a rebound.
14:37 of 3rd period - Backhand shot by Logan Shaw.
14:37 of 3rd period - Shot Blocked by Tarmo Reunanen.
16:14 of 3rd period - Aaron Ness is hit by Conor Garland and loses puck.
16:25 of 3rd period - Brandon Carlo is hit by Richard Nejezchleb and loses puck.
17:06 of 3rd period - Wrist shot by Reid Boucher.
17:06 of 3rd period - Shot Blocked by Jared Knight.
17:08 of 3rd period - Slapshot by Dalton Thrower.
17:08 of 3rd period - Stopped by Eric Comrie with a rebound.
17:10 of 3rd period - Snap shot by Brett Seney.
17:10 of 3rd period - Deflect By Reid Boucher.
17:10 of 3rd period - Stopped by Eric Comrie with a rebound.
17:12 of 3rd period - Wrist shot by Brett Seney.
17:12 of 3rd period - Shot Blocked by Jared Knight.
17:22 of 3rd period - Darren Dietz is hit by Ondrej Kase and loses puck.
18:28 of 3rd period - Mitch Marner is hit by Sven Baertschi and loses puck.
18:41 of 3rd period - Dillon Heatherington is hit by Robbie Russo and loses puck.
19:46 of 3rd period - Icing by Jake Bean.
19:47 of 3rd period - Nathan Noel wins face-off versus Cristiano Digiacinto in Devils zone.
19:50 of 3rd period - Wrist shot by Bobby Farnham.
19:50 of 3rd period - Shot Blocked by Cristiano Digiacinto.
19:56 of 3rd period - Snap shot by Bobby Farnham.
19:56 of 3rd period - Shot Misses the Net.
Goals for this period are 2 for Monsters vs 1 for Devils.
Shots for this period are 13 for Monsters vs 15 for Devils.